 Dungeon Sprint DCSS version 0.15-a0-2130-g28e4b74 (webtiles) character file.

51497 fransbal the Sorcerer (level 14, -23/94 HPs)
             Began as a Deep Elf Venom Mage on July 16, 2014.
             Was the Champion of Sif Muna.
             Killed from afar by Boris (38 damage)
             ... with a bolt of cold
             ... in the Dungeon (Sprint IX: "|||||||||||||||||||||||||||||").
             The game lasted 00:44:27 (4980 turns).

fransbal the Sorcerer (Deep Elf Venom Mage)         Turns: 4980, Time: 00:44:28

HP -23/94        AC 13     Str  5      XL: 14   Next: 23%
MP  42/42        EV 14     Int 26      God: Sif Muna [******]
Gold 48          SH  0     Dex 15      Spells: 12 memorised,  9 levels left

rFire  + + .     SeeInvis +     v - +2 scimitar (protect)
rCold  . . .     Clarity  .     U - +0 swamp dragon armour
rNeg   . . .     rCorr    .     (no shield)
rPois  +         rRot     .     s - +0 helmet
rElec  .         Spirit   .     V - -3 cloak "Plirasmu" {rF++}
SustAb .         Warding  .     L - +0 pair of gloves
rMut   .         NoTele   +     K - +0 pair of boots
Gourm  .                        (no amulet)
MR     +....                    S - ring of see invisible
                                Q - ring of wizardry

@: somewhat resistant to hostile enchantments, very unstealthy
A: no striking features
a: Channel Energy, Forget Spell, Renounce Religion


You were in the Dungeon.
You worshipped Sif Muna.
Sif Muna was exalted by your worship.
You were hungry.

You visited 1 branch You collected 1900 gold pieces.
You spent 1852 gold pieces at shops.


   Skills:
 - Level 13.4 Fighting
 - Level 18.1 Dodging
 - Level 2.4 Stealth
 + Level 23.3 Spellcasting
 + Level 20.2 Conjurations
 - Level 2.8 Ice Magic
 - Level 4.5 Air Magic
 - Level 10.4 Poison Magic
 + Level 16.9 Invocations


You had 9 spell levels left.
You knew the following spells:

 Your Spells              Type           Power        Failure   Level  Hunger
a - Sting                 Conj/Pois      ####         0%          1    None
b - Iskenderun's Mystic   Conj           #######.     0%          4    None
d - Poisonous Cloud       Conj/Pois/Air  ######....   3%          6    None
e - Bolt of Cold          Conj/Ice       ######....   4%          6    None
g - Force Lance           Conj           #######.     1%          5    None
i - Cure Poison           Pois           ######....   1%          2    None
q - Poison Arrow          Conj/Pois      #######...   1%          6    None
w - Throw Icicle          Conj/Ice       ######..     1%          4    None
C - Mephitic Cloud        Conj/Pois/Air  ######..     1%          3    None
Q - Sticky Flame          Conj/Fire      ######..     1%          4    None
X - Conjure Flame         Conj/Fire      ######..     1%          3    None
Z - Freezing Cloud        Conj/Ice/Air   ######....   7%          6    None

Inventory:

Hand weapons
 j - a -1 blowgun
 v - a +2 scimitar of protection (weapon)
 T - a +3 quick blade
Missiles
 a - 8 curare-tipped needles
Armour
 s - a +0 helmet (worn)
 H - a +2 leather armour of cold resistance
 K - a +0 pair of boots (worn)
 L - a +0 pair of gloves (worn)
 U - a +0 swamp dragon armour (worn)
 V - the cursed -3 cloak "Plirasmu" (worn) {rF++}
   (You found it in the Dungeon)

   It greatly protects you from fire.
   It has a curse placed upon it.
Magical devices
 q - a wand of fire (1)
Comestibles
 c - 14 bread rations
 I - 34 fruits
 J - 11 meat rations
Scrolls
 i - 3 scrolls of blinking
 o - 4 scrolls of remove curse
 p - 2 scrolls of amnesia
 B - 2 scrolls of identify
 C - a scroll of fog
 D - a scroll of fear
 X - 2 scrolls of enchant armour
Jewellery
 w - an uncursed ring of fire
 G - an uncursed ring of protection from cold
 M - an uncursed ring of protection from magic
 N - an uncursed ring of sustain abilities
 O - an uncursed ring of positive energy
 P - an uncursed ring of protection from fire
 Q - a ring of wizardry (left hand)
 S - a ring of see invisible (right hand)
Potions
 d - 8 potions of curing
 e - 4 potions of heal wounds
 f - a potion of haste
 g - 4 potions of magic
 h - a potion of berserk rage {!q}
 m - 4 potions of might
 n - 2 potions of invisibility
 A - a potion of agility
 W - a potion of cure mutation {!q}
Books
 l - a book of Power

   Spells                             Type                      Level
   Fulminant Prism                    Conjuration/Hexes            4
   *Iskenderun's Mystic Blast         Conjuration                  4
   Venom Bolt                         Conjuration/Poison           5
   Bolt of Magma                      Conjuration/Fire/Earth       5
   Iron Shot                          Conjuration/Earth            6
   Orb of Destruction                 Conjuration                  7
 r - a book of Frost

   Spells                             Type                      Level
   Freeze                             Ice                          1
   Throw Frost                        Conjuration/Ice              2
   Ozocubu's Armour                   Charms/Ice                   3
   *Throw Icicle                      Conjuration/Ice              4
   Summon Ice Beast                   Ice/Summoning                4
   Condensation Shield                Ice                          4
 x - a book of Clouds

   Spells                             Type                      Level
   *Mephitic Cloud                    Conjuration/Poison/Air       3
   *Conjure Flame                     Conjuration/Fire             3
   *Poisonous Cloud                   Conjuration/Poison/Air       6
   *Freezing Cloud                    Conjuration/Ice/Air          6
   Ring of Flames                     Charms/Fire                  7
 F - Sif Muna's Guide on Captivating Earth
   (Sif Muna gifted it to you in the Dungeon)

   Spells                             Type                      Level
   Sandblast                          Earth                        1
   Corona                             Hexes                        1
   Spectral Weapon                    Hexes/Charms                 3
   Statue Form                        Transmutation/Earth          6
   Shatter                            Earth                        9
Magical staves
 u - an uncursed staff of energy {!a}


Message History

a short sword; a robe
Items here: ( )))))) [
There is an open door to the Dungeon here.
You see here a bolt.
You close the door.
You see here a bolt.
Something unseen opens the door.
Things that are here:
a glowing dagger {Psyche}; a robe Memorise Orb of Destruction, consuming 7 spell levels and leaving 2?
You start memorising the spell.
You continue memorising.
You continue memorising. x2
Boris says, "You can't imagine my power."
You continue memorising. x2
Boris gestures at you while chanting.
Your memorisation is interrupted.
The iron shot hits you!
* * * LOW HITPOINT WARNING * * *
Boris casts a spell at you. The bolt of cold hits you!
You die...

.#.#.#.#.#.#.#.#.#.#
.#.#.#.#.#'#.#.#.#.#
.#.#.#.#.#.#.#.#.#(#.#
.#.#.#.#.#.#.#.#L#.#D#
.#.#.#.#.#.#.#.#.#.#.#
.#!#.#'#.#.#.#.#.#.#¤#
.#)#.#)#.#.#.#.#)#.#L#
.#.#.#)#.#.#.#'#.#.#¤#
.#.#.#)#.#)#.#)#@#(#¤#
.#.#.#.#.#)#.#)#.#'#¤#
.#.#.#)#.#)#.#)#.#)#¤#
.#.#.#)#.#)#.#.#.#)#¤#
.#%#(#)#.#)#.#.#.#.#*#
.#%#.#.#.#)#.#.#.#.#.#
.#%#.#.#.#)#.#.#.#(#*#
.#%#.#)#.#.#.#.#.#.#¤#
.#.#.#)#.#.#.#.#.#[#.#


You could see Boris.

Vanquished Creatures
  A tengu reaver (D)
  A fire giant (D)
  A frost giant (D)
  An emperor scorpion (D)
  A stone giant (D)
  A dire elephant (D)
  A merfolk impaler (D)
  2 fire dragons (D)
  3 ettins (D)
  2 great orbs of eyes (D)
  A yaktaur captain (D)
  A naga warrior (D)
  An ironheart preserver (D)
  An ogre mage (D)
  2 hydras (D)
  6 death yaks (D)
  A deep troll shaman (D)
  An orc high priest (D)
  Urug (D)
  A vampire mage (D)
  A shock serpent (D)
  A deep elf knight (D)
  2 fire crabs (D)
  A catoblepas (D)
  A giant orange brain (D)
  4 sea snakes (D)
  A salamander mystic (D)
  An unseen horror (D)
  A swamp dragon (D)
  2 hill giants (D)
  An ironbrand convoker (D)
  7 orc knights (D)
  A griffon (D)
  2 salamanders (D)
  A necromancer (D)
  2 wolf spiders (D)
  A guardian serpent (D)
  4 black mambas (D)
  A vault sentinel (D)
  A torpor snail (D)
  An iron devil (D)
  4 cyclopes (D)
  Psyche (D)
  2 spiny frogs (D)
  8 yaktaurs (D)
  2 demonic crawlers (D)
  3 merfolk (D)
  A two-headed ogre (D)
  2 slime creatures (D)
  Sonja (D)
  A polar bear (D)
  A wind drake (shapeshifter) (D)
  2 jumping spiders (D)
  2 blink frogs (D)
  2 boulder beetles (D)
  2 trapdoor spiders (D)
  An ugly thing (D)
  3 yaks (D)
  A vampire (D)
  A wolf (D)
  Eustachio (D)
  A hippogriff (D)
  A chaos spawn (D)
  3 vampire mosquitoes (D)
  A water moccasin (D)
  A porcupine (D)
  An ice beast (D)
  2 centaurs (D)
  18 orc warriors (D)
  A necrophage (D)
  A yellow wasp (D)
  5 crocodiles (D)
  A fire crab zombie (D)
  2 giant frogs (D)
  A scorpion (D)
  A crimson imp (D)
  A hound (D)
  5 orc priests (D)
  3 orc wizards (D)
  An iguana (D)
  A worker ant (D)
  A mummy (D)
  3 adders (D)
  An adder zombie (D)
  6 orcs (D)
  A bat zombie (D)
  A goblin (D)
  3 hobgoblins (D)
  A bat (D)
  A giant newt zombie (D)
  A jackal (D)
  A kobold (D)
  A quokka (D)
  2 rats (D)
  A rat simulacrum (D)
183 creatures vanquished.

Vanquished Creatures (others)
  An ugly thing zombie (D)
  An ogre zombie (D)
  A human zombie (D)
  A yaktaur zombie (D)
  2 plants (D)
6 creatures vanquished.

Grand Total: 189 creatures vanquished

Notes
Turn   | Place    | Note
--------------------------------------------------------------
     0 | D        | fransbal, the Deep Elf Venom Mage, began the quest for the Orb.
     0 | D        | Reached XP level 1. HP: 10/10 MP: 5/5
     9 | D        | Reached skill level 1 in Conjurations
    18 | D        | Reached skill level 5 in Poison Magic
    83 | D        | Reached XP level 2. HP: 15/15 MP: 1/9
   172 | D        | Found a glowing silver altar of Zin.
   172 | D        | Found a glowing golden altar of the Shining One.
   172 | D        | Found an ancient bone altar of Kikubaaqudgha.
   172 | D        | Found a basalt altar of Yredelemnul.
   172 | D        | Found a shimmering altar of Xom.
   172 | D        | Found a radiant altar of Vehumet.
   172 | D        | Found an iron altar of Okawaru.
   173 | D        | Found a burning altar of Makhleb.
   174 | D        | Found a deep blue altar of Sif Muna.
   175 | D        | Found a bloodstained altar of Trog.
   176 | D        | Found a sparkling altar of Nemelex Xobeh.
   177 | D        | Found a white marble altar of Elyvilon.
   178 | D        | Found a roughly hewn altar of Beogh.
   179 | D        | Found a viscous altar of Jiyva.
   180 | D        | Found a corrupted altar of Lugonu.
   181 | D        | Found a blossoming altar of Fedhas.
   182 | D        | Found a snail-covered altar of Cheibriados.
   183 | D        | Found a shadowy altar of Dithmenos.
   184 | D        | Found a stormy altar of Qazlal.
   187 | D        | Became a worshipper of Sif Muna the Loreminder
   190 | D        | Found an opulent altar of Gozag.
   325 | D        | Noticed a centaur
   325 | D        | Noticed a crimson imp
   325 | D        | Noticed an ice beast
   325 | D        | Noticed an orc warrior
   325 | D        | Noticed a two-headed ogre
   330 | D        | Learned a level 2 spell: Cure Poison
   332 | D        | Killed an ice beast
   332 | D        | Acquired Sif Muna's first power
   332 | D        | Acquired Sif Muna's second power
   332 | D        | Reached skill level 7 in Spellcasting
   332 | D        | Reached XP level 3. HP: 16/19 MP: 13/17
   332 | D        | Reached XP level 4. HP: 20/24 MP: 15/20
   332 | D        | Killed an orc warrior
   332 | D        | Reached skill level 9 in Spellcasting
   332 | D        | Reached XP level 5. HP: 23/28 MP: 16/23
   335 | D        | Killed a two-headed ogre
   335 | D        | Acquired Sif Muna's third power
   335 | D        | Reached skill level 11 in Spellcasting
   335 | D        | Reached XP level 6. HP: 22/32 MP: 17/27
   338 | D        | Killed a centaur
   338 | D        | Reached skill level 9 in Conjurations
   345 | D        | Learned a level 5 spell: Venom Bolt
   347 | D        | Killed a crimson imp
   347 | D        | Reached XP level 7. HP: 23/36 MP: 2/29
   480 | D        | Learned a level 3 spell: Mephitic Cloud
   485 | D        | Learned a level 4 spell: Olgreb's Toxic Radiance
   485 | D        | Noticed a necrophage
   485 | D        | Noticed a giant frog
   485 | D        | Noticed a worker ant
   485 | D        | Noticed a giant frog
   486 | D        | Killed a giant frog
   486 | D        | Received a gift from Sif Muna
   486 | D        | Reached skill level 1 in Fighting
   486 | D        | Reached skill level 3 in Dodging
   488 | D        | Killed a worker ant
   491 | D        | Killed a giant frog
   491 | D        | Reached skill level 12 in Spellcasting
   496 | D        | Killed a necrophage
   499 | D        | Identified Hucugoc's Compendium of Envenoming (Sif Muna gifted it to you in the Dungeon)
   507 | D        | Learned a level 6 spell: Poison Arrow
   514 | D        | Learned a level 6 spell: Poisonous Cloud
   658 | D        | Noticed a crocodile
   658 | D        | Noticed a crocodile
   658 | D        | Noticed an iguana
   658 | D        | Noticed a black mamba
   658 | D        | Noticed a wolf
   659 | D        | Killed an iguana
   660 | D        | Killed a crocodile
   661 | D        | Reached skill level 3 in Fighting
   662 | D        | Killed a crocodile
   665 | D        | Killed a black mamba
   665 | D        | Reached skill level 6 in Dodging
   665 | D        | Reached skill level 13 in Spellcasting
   665 | D        | Reached XP level 8. HP: 44/48 MP: 1/31
   669 | D        | Killed a wolf
   921 | D        | Noticed a hippogriff
   924 | D        | Killed a hippogriff
   968 | D        | Noticed a crocodile
   968 | D        | Noticed a spiny frog
   968 | D        | Noticed a blink frog
   968 | D        | Noticed a black mamba
   968 | D        | Noticed a hound
   968 | D        | Noticed a torpor snail
   968 | D        | Noticed a porcupine
   969 | D        | Killed a blink frog
   969 | D        | Received a gift from Sif Muna
   972 | D        | Killed a hound
   973 | D        | Killed a crocodile
   973 | D        | Reached skill level 14 in Spellcasting
   974 | D        | Killed a spiny frog
   974 | D        | Reached skill level 12 in Conjurations
   974 | D        | Reached XP level 9. HP: 52/55 MP: 1/33
   979 | D        | Killed a black mamba
   979 | D        | Reached skill level 6 in Fighting
   979 | D        | Reached skill level 9 in Dodging
   994 | D        | Killed a porcupine
   997 | D        | Killed a torpor snail
   997 | D        | Reached skill level 15 in Spellcasting
  1023 | D        | Identified Tryneylen's Disquisition on Arcane Weapons (Sif Muna gifted it to you in the Dungeon)
  1029 | D        | Learned a level 4 spell: Iskenderun's Mystic Blast
  1029 | D        | Noticed a polar bear
  1030 | D        | Noticed a crocodile
  1036 | D        | Killed a polar bear
  1042 | D        | Killed a crocodile
  1273 | D        | Noticed a yak
  1273 | D        | Noticed a death yak
  1273 | D        | Noticed a yak
  1273 | D        | Noticed a yak
  1273 | D        | Noticed a death yak
  1273 | D        | Noticed a catoblepas
  1273 | D        | Noticed a death yak
  1276 | D        | Killed a yak
  1276 | D        | Reached skill level 1 in Invocations
  1276 | D        | Killed a yak
  1277 | D        | Killed a death yak
  1277 | D        | Received a gift from Sif Muna
  1277 | D        | Reached skill level 3 in Invocations
  1277 | D        | Reached XP level 10. HP: 63/63 MP: 13/35
  1278 | D        | Killed a yak
  1280 | D        | Identified Sif Muna's Guide on Captivating Earth (Sif Muna gifted it to you in the Dungeon)
  1289 | D        | Killed a death yak
  1289 | D        | Reached skill level 16 in Spellcasting
  1293 | D        | Killed a death yak
  1294 | D        | Killed a catoblepas
  1294 | D        | Reached skill level 12 in Dodging
  1335 | D        | Killed a death yak
  1335 | D        | Received a gift from Sif Muna
  1335 | D        | Reached skill level 6 in Invocations
  1336 | D        | Identified Sif Muna's Grimoire of Confrontation (Sif Muna gifted it to you in the Dungeon)
  1343 | D        | Learned a level 5 spell: Force Lance
  1479 | D        | Noticed Urug
  1494 | D        | Killed Urug
  1494 | D        | Reached skill level 9 in Fighting
  1545 | D        | Noticed an orc wizard
  1545 | D        | Noticed an orc wizard
  1545 | D        | Noticed an orc priest
  1545 | D        | Noticed an orc warrior
  1546 | D        | Noticed an orc priest
  1547 | D        | Killed an orc wizard
  1547 | D        | Killed an orc wizard
  1548 | D        | Noticed an orc priest
  1549 | D        | Killed an orc warrior
  1552 | D        | Killed an orc priest
  1552 | D        | Killed an orc priest
  1552 | D        | Killed an orc priest
  1554 | D        | Killed an orc wizard
  1554 | D        | Killed an orc priest
  1675 | D        | Noticed an orc warrior
  1675 | D        | Noticed an orc warrior
  1675 | D        | Noticed an orc priest
  1675 | D        | Noticed an orc warrior
  1675 | D        | Noticed an orc warrior
  1675 | D        | Noticed an orc warrior
  1675 | D        | Noticed an orc warrior
  1677 | D        | Killed an orc warrior
  1677 | D        | Reached skill level 17 in Spellcasting
  1678 | D        | Killed an orc warrior
  1678 | D        | Killed an orc warrior
  1678 | D        | Reached XP level 11. HP: 71/71 MP: 20/37
  1679 | D        | Noticed an orc warrior
  1679 | D        | Killed an orc priest
  1679 | D        | Killed an orc warrior
  1680 | D        | Killed an orc warrior
  1681 | D        | Killed an orc warrior
  1682 | D        | Killed an orc warrior
  1692 | D        | Noticed an orc warrior
  1696 | D        | Killed an orc warrior
  1715 | D        | Noticed an orc high priest
  1716 | D        | Noticed an orc warrior
  1719 | D        | Noticed an orc warrior
  1728 | D        | Killed an orc warrior
  1728 | D        | Killed an orc high priest
  1764 | D        | Killed an orc warrior
  2057 | D        | Found Zuaffy's General Store.
  2057 | D        | Noticed an orc warrior
  2057 | D        | Noticed an orc warrior
  2057 | D        | Noticed an orc warrior
  2057 | D        | Noticed an orc knight
  2057 | D        | Noticed an orc knight
  2057 | D        | Noticed an orc warrior
  2058 | D        | Found Vuanag's Antique Weapon Shoppe.
  2059 | D        | Noticed an orc knight
  2060 | D        | Killed an orc warrior
  2061 | D        | Killed an orc warrior
  2062 | D        | Killed an orc knight
  2063 | D        | Killed an orc knight
  2064 | D        | Killed an orc warrior
  2064 | D        | Killed an orc knight
  2064 | D        | Received a gift from Sif Muna
  2064 | D        | Reached skill level 15 in Conjurations
  2064 | D        | Killed an orc warrior
  2065 | D        | Identified Sif Muna's Reference Book on Confrontation (Sif Muna gifted it to you in the Dungeon)
  2069 | D        | Noticed an orc knight
  2073 | D        | Killed an orc knight
  2073 | D        | Reached skill level 9 in Invocations
  2081 | D        | Learned a level 6 spell: Bolt of Cold
  2191 | D        | Found Kefoij's Jewellery Emporium.
  2197 | D        | Found Sossod's Antique Armour Shoppe.
  2204 | D        | Noticed an orc knight
  2206 | D        | Noticed an orc knight
  2207 | D        | Noticed an orc knight
  2209 | D        | Killed an orc knight
  2209 | D        | Reached skill level 1 in Ice Magic
  2210 | D        | Killed an orc knight
  2210 | D        | Reached skill level 18 in Spellcasting
  2224 | D        | Killed an orc knight
  2241 | D        | Noticed an orc warrior
  2251 | D        | Killed an orc warrior
  2272 | D        | Noticed an orc warrior
  2276 | D        | Killed an orc warrior
  2302 | D        | Bought a runed leather armour for 40 gold pieces
  2302 | D        | Bought a glowing cloak for 90 gold pieces
  2308 | D        | Bought an uncursed ring of sustain abilities for 192 gold pieces
  2308 | D        | Bought an uncursed ring of positive energy for 220 gold pieces
  2308 | D        | Bought an uncursed ring of protection from fire for 275 gold pieces
  2308 | D        | Bought an uncursed ring of wizardry for 330 gold pieces
  2315 | D        | Bought a scroll of identify for 26 gold pieces
  2315 | D        | Bought a scroll of identify for 26 gold pieces
  2315 | D        | Bought a bread ration for 65 gold pieces
  2318 | D        | Bought the +5 robe "Fohoung" {Str+2 Slay+2} for 588 gold pieces
  2364 | D        | Noticed Sonja
  2371 | D        | Killed Sonja
  2375 | D        | Killed Eustachio
  2545 | D        | Got the cursed +2 hunting sling of the Seven Gods {speed, +Inv}
  2560 | D        | Got the cursed -3 cloak "Plirasmu" {rF++}
  2594 | D        | Noticed a centaur
  2594 | D        | Noticed a crocodile
  2594 | D        | Noticed a cyclops
  2594 | D        | Noticed a hill giant
  2594 | D        | Noticed a cyclops
  2597 | D        | Killed a centaur
  2597 | D        | Killed a crocodile
  2600 | D        | Killed a cyclops
  2600 | D        | Killed a trapdoor spider
  2602 | D        | Killed a yaktaur
  2605 | D        | Killed a cyclops
  2607 | D        | Killed a hill giant
  2607 | D        | Killed a hill giant
  2612 | D        | Noticed a dire elephant
  2615 | D        | Killed a dire elephant
  2615 | D        | Reached XP level 12. HP: 79/79 MP: 22/38
  2621 | D        | Noticed a yaktaur
  2624 | D        | Killed a yaktaur
  2624 | D        | Received a gift from Sif Muna
  2625 | D        | Identified Fergher's Incunabulum of Flying Arcane Weapons (Sif Muna gifted it to you in the Dungeon)
  2653 | D        | Noticed a yaktaur
  2654 | D        | Noticed an ettin
  2666 | D        | Killed a yaktaur
  2666 | D        | Reached skill level 15 in Dodging
  2667 | D        | Killed an ettin
  2667 | D        | Reached skill level 19 in Spellcasting
  2667 | D        | Killed a giant orange brain
  2711 | D        | Noticed an emperor scorpion
  2717 | D        | Killed an emperor scorpion
  2846 | D        | Noticed a naga warrior
  2846 | D        | Noticed a water moccasin
  2846 | D        | Noticed a black mamba
  2846 | D        | Noticed a salamander
  2846 | D        | Noticed a salamander
  2846 | D        | Noticed a black mamba
  2846 | D        | Noticed a salamander mystic
  2847 | D        | Killed a black mamba
  2847 | D        | Killed a water moccasin
  2849 | D        | Killed a salamander
  2850 | D        | Killed a naga warrior
  2856 | D        | Killed a salamander mystic
  2856 | D        | HP: 14/80 [salamander/halberd (16)]
  2858 | D        | Killed a salamander
  2858 | D        | Reached skill level 12 in Invocations
  2858 | D        | Killed a black mamba
  2859 | D        | Noticed a shock serpent
  3051 | D        | Killed a shock serpent
  3054 | D        | Noticed a guardian serpent
  3057 | D        | Killed a guardian serpent
  3127 | D        | Noticed a yellow wasp
  3127 | D        | Noticed a scorpion
  3127 | D        | Noticed a demonic crawler
  3127 | D        | Noticed a demonic crawler
  3127 | D        | Noticed a wolf spider
  3127 | D        | Noticed a jumping spider
  3129 | D        | Killed a scorpion
  3130 | D        | Killed a yellow wasp
  3130 | D        | Killed a wolf spider
  3131 | D        | Noticed a boulder beetle
  3131 | D        | Killed a jumping spider
  3131 | D        | Received a gift from Sif Muna
  3133 | D        | Killed a demonic crawler
  3133 | D        | Killed a trapdoor spider
  3133 | D        | Reached skill level 12 in Fighting
  3139 | D        | Killed a boulder beetle
  3142 | D        | Killed a demonic crawler
  3145 | D        | Identified Sif Muna's Reference Book on Attacks (Sif Muna gifted it to you in the Dungeon)
  3271 | D        | Noticed a jumping spider
  3275 | D        | Killed a jumping spider
  3275 | D        | Reached skill level 20 in Spellcasting
  3318 | D        | Learned a level 4 spell: Throw Icicle
  3318 | D        | Noticed a merfolk impaler
  3318 | D        | Noticed a merfolk
  3318 | D        | Noticed a sea snake
  3318 | D        | Noticed a griffon
  3318 | D        | Noticed a sea snake
  3318 | D        | Noticed a sea snake
  3318 | D        | Noticed a merfolk
  3322 | D        | Killed a merfolk
  3323 | D        | Killed a merfolk impaler
  3323 | D        | Killed a griffon
  3324 | D        | Noticed a sea snake
  3324 | D        | Killed a sea snake
  3324 | D        | Killed a sea snake
  3324 | D        | Killed a sea snake
  3324 | D        | Reached XP level 13. HP: 36/87 MP: 4/40
  3325 | D        | Killed a sea snake
  3325 | D        | Killed a merfolk
  3343 | D        | Killed a merfolk
  3555 | D        | Noticed a spiny frog
  3555 | D        | Noticed a seven-headed hydra
  3555 | D        | Noticed a vampire mosquito
  3555 | D        | Noticed a five-headed hydra
  3555 | D        | Noticed a blink frog
  3556 | D        | Noticed a swamp dragon
  3557 | D        | Killed a vampire mosquito
  3558 | D        | Killed a spiny frog
  3559 | D        | Noticed a vampire mosquito
  3559 | D        | Killed a seven-headed hydra
  3563 | D        | Killed a five-headed hydra
  3563 | D        | Killed a swamp dragon
  3566 | D        | Killed a vampire mosquito
  3569 | D        | Killed a blink frog
  3718 | D        | Noticed Psyche
  3729 | D        | Killed Psyche
  3775 | D        | Noticed a yaktaur
  3775 | D        | Noticed a vampire mage
  3775 | D        | Noticed a death yak
  3775 | D        | Noticed a deep elf knight
  3775 | D        | Noticed an ettin
  3775 | D        | Noticed a frost giant
  3775 | D        | Noticed a fire dragon
  3778 | D        | Killed a yaktaur
  3780 | D        | Killed a vampire mage
  3787 | D        | Killed a deep elf knight
  3787 | D        | Reached skill level 18 in Conjurations
  3788 | D        | Killed a death yak
  3788 | D        | Received a gift from Sif Muna
  3788 | D        | Reached skill level 21 in Spellcasting
  3791 | D        | Noticed a tengu reaver
  3791 | D        | Noticed a death yak
  3791 | D        | Killed an ettin
  3792 | D        | Killed a frost giant
  3793 | D        | Noticed a yaktaur
  3793 | D        | Killed a fire dragon
  3796 | D        | Killed a death yak
  3796 | D        | Killed a tengu reaver
  3796 | D        | Reached skill level 18 in Dodging
  3804 | D        | Killed a yaktaur
  3805 | D        | Noticed a great orb of eyes
  3961 | D        | Noticed a deep troll shaman
  3965 | D        | Killed a great orb of eyes
  3967 | D        | Killed a deep troll shaman
  4021 | D        | Noticed a yaktaur
  4079 | D        | Killed a yaktaur
  4079 | D        | Reached skill level 15 in Invocations
  4084 | D        | Noticed a fire dragon
  4085 | D        | Noticed a stone giant
  4085 | D        | Killed a stone giant
  4085 | D        | Received a gift from Sif Muna
  4088 | D        | Killed a fire dragon
  4088 | D        | Reached skill level 22 in Spellcasting
  4091 | D        | Noticed a slime creature
  4097 | D        | Noticed a slime creature
  4097 | D        | Learned a level 6 spell: Freezing Cloud
  4100 | D        | Killed a slime creature
  4102 | D        | Killed a slime creature
  4232 | D        | Learned a level 3 spell: Conjure Flame
  4242 | D        | Noticed an ettin
  4244 | D        | Killed an ettin
  4244 | D        | Reached skill level 1 in Air Magic
  4255 | D        | Noticed a boulder beetle
  4255 | D        | Noticed a cyclops
  4255 | D        | Noticed a vampire mosquito
  4255 | D        | Noticed a cyclops
  4255 | D        | Noticed a troll
  4257 | D        | Killed a vampire mosquito
  4258 | D        | Killed a cyclops
  4260 | D        | Killed a boulder beetle
  4260 | D        | Killed a cyclops
  4260 | D        | a troll changed into a wind drake
  4261 | D        | Noticed a fire crab
  4262 | D        | Killed a fire crab
  4262 | D        | Reached skill level 3 in Air Magic
  4263 | D        | Noticed an ironheart preserver
  4263 | D        | Killed an unseen horror
  4266 | D        | Killed a cyan ugly thing
  4269 | D        | Killed an ironheart preserver
  4269 | D        | Received a gift from Sif Muna
  4269 | D        | Reached XP level 14. HP: 61/94 MP: 3/42
  4427 | D        | Noticed a vault sentinel
  4432 | D        | Killed a wolf spider
  4434 | D        | Killed a vault sentinel
  4435 | D        | Killed a yaktaur
  4443 | D        | Noticed an ogre mage
  4444 | D        | Killed an ogre mage
  4446 | D        | Noticed a great orb of eyes
  4450 | D        | Killed a great orb of eyes
  4482 | D        | Noticed a fire giant
  4483 | D        | Noticed a yaktaur captain
  4485 | D        | Noticed a necromancer
  4490 | D        | Killed a necromancer
  4491 | D        | Killed a yaktaur captain
  4491 | D        | Killed an ironbrand convoker
  4491 | D        | Reached skill level 23 in Spellcasting
  4493 | D        | Killed a fire giant
  4493 | D        | Received a gift from Sif Muna
  4499 | D        | Noticed a yaktaur
  4500 | D        | Noticed a fire crab
  4507 | D        | Killed a yaktaur
  4508 | D        | Killed a fire crab
  4514 | D        | Identified Sif Muna's Almanac of Battle Magic (Sif Muna gifted it to you in the Dungeon)
  4642 | D        | Learned a level 4 spell: Sticky Flame
  4834 | D        | Noticed Boris
  4838 | D        | HP: 18/94 [Boris/bolt of cold (76)]
  4841 | D        | Noticed Xtahua
  4849 | D        | HP: 14/94 [disintegration (53)]
  4978 | D        | HP: 15/94 [Boris/iron shot (32)]
  4980 | D        | Killed from afar by Boris

Vault maps used:
D:        linesprint

Action                   |  1- 3 |  4- 6 |  7- 9 | 10-12 | 13-15 || total
-------------------------+-------+-------+-------+-------+-------++-------
Melee: Short sword       |     3 |       |       |       |       ||     3
       Scimitar          |       |       |     4 |     2 |     5 ||    11
       Quick blade       |       |       |       |       |     4 ||     4
 Cast: Sting             |    11 |     3 |     3 |       |       ||    17
       Venom Bolt        |       |     2 |    26 |    38 |       ||    66
       Poison Arrow      |       |       |     4 |    12 |    18 ||    34
       Poisonous Cloud   |       |       |     1 |    12 |     8 ||    21
       Bolt of Cold      |       |       |       |    18 |    31 ||    49
       Force Lance       |       |       |       |     1 |       ||     1
Invok: Channel Energy    |       |       |    16 |    42 |    50 ||   108
       Forget Spell      |       |       |       |       |     2 ||     2
Evoke: Wand              |     2 |     4 |     1 |     1 |     5 ||    13
  Use: Scroll            |       |       |       |     4 |     1 ||     5
       Potion            |       |       |       |     1 |     2 ||     3
  Eat: Chunk             |       |       |     6 |    10 |     7 ||    23
       Fruit             |       |       |       |     2 |     4 ||     6
       Meat ration       |       |       |       |     1 |       ||     1
